[ AOE2 MATCH · #505657157 ]
UnrankedBulgarians vs Mongols
Player's team · LOSS
Rival team · WIN
[ REPLAY ANALYSIS · EXTRACTED FROM THE RECORDED GAME ]
Feudal
10:32
Castle
22:13
Imperial
—
| APM avg | 79.4 |
| APM peak | 115 |
| eAPM avg | 38.5 |
| Villagers / military | 95 / 65 |
Focus
⚔️ 50.5% · 🌾 49.5%
Cavalry Archer ×25 · Skirmisher ×18 · Militia ×9 · Mangonel ×9 · Spearman ×4
Feudal
8:01
Castle
21:51
Imperial
—
| APM avg | 95.5 |
| APM peak | 139 |
| eAPM avg | 43.6 |
| Villagers / military | 63 / 66 |
Focus
⚔️ 70.8% · 🌾 29.2%
Cavalry Archer ×24 · Scout Cavalry ×20 · Archer ×10 · Mangonel ×7 · Monk ×4 · Knight ×1
Match map
Initial resources + every placement click. Lines = walls · curves = elevation contours. ◆ gold · ⬟ stone · ● berries · ✦ relic · ◌ wall gap
Your base· ✓ Closed at 22:13 · 46t walls · no gate
Dark_aoe's base· Open — opponent sealed themselves in
Smoothed initial terrain · ◌ = detected wall gap · hover for details
Inputs per minute
— Tacacá - - Dark_aoe
Build order — Tacacá
First 150 of 277 actions detected
| 0:02 | Queue | Villager (Male) |
| 0:02 | Queue | Villager (Male) |
| 0:02 | Queue | Villager (Male) |
| 0:02 | Queue | Villager (Male) |
| 0:03 | Build | House |
| 0:04 | Build | House |
| 1:29 | Queue | Villager (Male) |
| 1:29 | Queue | Villager (Male) |
| 1:47 | Build | Lumber Camp |
| 1:51 | Queue | Villager (Male) |
| 1:52 | Queue | Villager (Male) |
| 2:24 | Queue | Villager (Male) |
| 2:24 | Queue | Villager (Male) |
| 2:44 | Queue | Villager (Male) |
| 2:44 | Queue | Villager (Male) |
| 2:59 | Queue | Villager (Male) |
| 2:59 | Queue | Villager (Male) |
| 3:22 | Queue | Villager (Male) |
| 3:22 | Queue | Villager (Male) |
| 3:22 | Queue | Villager (Male) |
| 3:56 | Build | House |
| 4:02 | Queue | Villager (Male) |
| 4:02 | Queue | Villager (Male) |
| 4:30 | Queue | Villager (Male) |
| 4:30 | Queue | Villager (Male) |
| 4:31 | Queue | Villager (Male) |
| 4:33 | Build | Barracks |
| 4:54 | Build | House |
| 5:08 | Queue | Villager (Male) |
| 5:08 | Queue | Villager (Male) |
| 5:09 | Queue | Villager (Male) |
| 5:26 | Queue | Militia |
| 5:27 | Queue | Militia |
| 5:32 | Queue | Militia |
| 5:32 | Queue | Militia |
| 5:53 | Build | House |
| 5:54 | Build | Palisade Wall |
| 5:55 | Build | Palisade Wall |
| 6:05 | Queue | Villager (Male) |
| 6:05 | Queue | Villager (Male) |
| 6:05 | Queue | Villager (Male) |
| 6:29 | Build | Mill |
| 6:52 | Queue | Villager (Male) |
| 6:55 | Queue | Villager (Male) |
| 6:55 | Research | Loom |
| 7:38 | Build | Mining Camp |
| 8:14 | Research | Feudal Age |
| 8:15 | Research | Feudal Age |
| 8:21 | Build | Lumber Camp |
| 8:48 | Queue | Militia |
| 8:48 | Queue | Militia |
| 8:56 | Build | Palisade Wall |
| 9:05 | Queue | Militia |
| 9:05 | Queue | Militia |
| 9:05 | Queue | Militia |
| 9:13 | Build | House |
| 9:25 | Build | Palisade Wall |
| 9:25 | Build | Palisade Wall |
| 9:29 | Build | Palisade Wall |
| 9:31 | Build | Palisade Wall |
| 9:32 | Build | Palisade Wall |
| 9:38 | Queue | Villager (Male) |
| 10:00 | Build | Palisade Wall |
| 10:03 | Build | Palisade Wall |
| 10:04 | Build | Palisade Wall |
| 10:05 | Build | Palisade Wall |
| 10:07 | Build | Palisade Wall |
| 10:32 | Age | Feudal Age |
| 10:33 | Queue | Spearman |
| 10:53 | Queue | Villager (Male) |
| 10:56 | Research | Double-Bit Axe |
| 10:56 | Research | Horse Collar |
| 10:56 | Research | Horse Collar |
| 10:56 | Research | Horse Collar |
| 11:08 | Queue | Villager (Male) |
| 11:20 | Build | Mill |
| 11:28 | Queue | Villager (Male) |
| 11:29 | Build | Farm |
| 11:31 | Build | Farm |
| 11:34 | Build | Farm |
| 11:54 | Build | Farm |
| 11:55 | Build | Farm |
| 11:57 | Build | Farm |
| 12:13 | Build | Palisade Wall |
| 12:15 | Build | Palisade Wall |
| 12:17 | Queue | Villager (Male) |
| 12:17 | Queue | Villager (Male) |
| 12:19 | Build | Farm |
| 12:38 | Queue | Villager (Male) |
| 12:38 | Queue | Villager (Male) |
| 12:40 | Build | Palisade Wall |
| 12:56 | Queue | Villager (Male) |
| 12:56 | Queue | Villager (Male) |
| 13:02 | Queue | Spearman |
| 13:04 | Build | Palisade Wall |
| 13:08 | Build | Farm |
| 13:10 | Build | Farm |
| 13:14 | Build | Farm |
| 13:25 | Build | House |
| 13:33 | Queue | Villager (Male) |
| 13:33 | Queue | Villager (Male) |
| 13:40 | Build | Palisade Wall |
| 13:42 | Build | Palisade Wall |
| 13:57 | Build | Archery Range |
| 14:01 | Queue | Villager (Male) |
| 14:02 | Queue | Villager (Male) |
| 14:12 | Queue | Spearman |
| 14:27 | Build | House |
| 14:31 | Queue | Villager (Male) |
| 14:41 | Queue | Villager (Male) |
| 14:55 | Queue | Spearman |
| 15:21 | Queue | Villager (Male) |
| 15:24 | Build | Blacksmith |
| 15:27 | Build | House |
| 15:29 | Build | Palisade Wall |
| 15:37 | Build | Palisade Wall |
| 15:37 | Queue | Villager (Male) |
| 15:42 | Queue | Skirmisher |
| 15:44 | Build | Farm |
| 15:57 | Queue | Skirmisher |
| 15:59 | Queue | Villager (Male) |
| 16:01 | Build | Farm |
| 16:02 | Build | Farm |
| 16:03 | Build | Farm |
| 16:17 | Research | Fletching |
| 16:17 | Research | Fletching |
| 16:19 | Queue | Skirmisher |
| 16:23 | Build | House |
| 16:27 | Queue | Villager (Male) |
| 16:30 | Build | Farm |
| 16:31 | Build | Farm |
| 16:36 | Queue | Skirmisher |
| 16:44 | Research | Padded Archer Armor |
| 16:44 | Research | Padded Archer Armor |
| 16:52 | Build | House |
| 16:54 | Build | House |
| 16:59 | Queue | Villager (Male) |
| 16:59 | Queue | Villager (Male) |
| 17:09 | Queue | Skirmisher |
| 17:16 | Build | House |
| 17:17 | Queue | Villager (Male) |
| 17:23 | Build | House |
| 17:36 | Queue | Villager (Male) |
| 17:48 | Build | House |
| 17:56 | Queue | Villager (Male) |
| 18:10 | Build | House |
| 18:19 | Build | Market |
| 18:27 | Queue | Skirmisher |
| 18:27 | Queue | Skirmisher |
| 18:27 | Queue | Villager (Male) |
Build order — Dark_aoe
First 150 of 212 actions detected
| 0:00 | Queue | Villager (Male) |
| 0:01 | Build | House |
| 0:02 | Build | House |
| 0:13 | Queue | Villager (Male) ×3 |
| 1:23 | Queue | Villager (Male) |
| 1:24 | Queue | Villager (Male) |
| 1:54 | Queue | Villager (Male) |
| 2:19 | Queue | Villager (Male) |
| 2:40 | Build | Mill |
| 2:42 | Queue | Villager (Male) |
| 2:51 | Build | House |
| 3:14 | Queue | Villager (Male) |
| 3:33 | Queue | Villager (Male) |
| 3:45 | Queue | Villager (Male) |
| 3:56 | Build | House |
| 3:59 | Queue | Villager (Male) |
| 4:22 | Queue | Villager (Male) |
| 4:41 | Queue | Villager (Male) |
| 4:53 | Build | Lumber Camp |
| 5:25 | Research | Loom |
| 5:33 | Research | Feudal Age |
| 6:22 | Build | House |
| 6:52 | Build | Barracks |
| 7:34 | Queue | Villager (Male) |
| 8:01 | Age | Feudal Age |
| 8:07 | Build | Stable |
| 8:14 | Research | Double-Bit Axe |
| 8:18 | Build | House |
| 8:21 | Queue | Villager (Male) |
| 8:31 | Build | House |
| 8:40 | Queue | Villager (Male) |
| 8:48 | Build | Mill |
| 8:50 | Build | Mill |
| 8:53 | Queue | Scout Cavalry |
| 9:20 | Queue | Villager (Male) |
| 9:21 | Queue | Villager (Male) |
| 9:26 | Build | Mill |
| 9:39 | Queue | Villager (Male) |
| 10:00 | Queue | Scout Cavalry |
| 10:12 | Queue | Villager (Male) |
| 10:29 | Build | House |
| 10:30 | Build | House |
| 10:30 | Queue | Villager (Male) |
| 10:54 | Queue | Villager (Male) |
| 10:55 | Queue | Scout Cavalry |
| 11:14 | Queue | Villager (Male) |
| 11:18 | Queue | Scout Cavalry |
| 11:25 | Build | Archery Range |
| 11:31 | Build | Archery Range |
| 11:33 | Queue | Villager (Male) |
| 11:52 | Queue | Scout Cavalry |
| 11:53 | Queue | Villager (Male) |
| 11:57 | Build | Lumber Camp |
| 12:05 | Build | Mining Camp |
| 12:13 | Queue | Villager (Male) |
| 12:14 | Queue | Archer |
| 12:21 | Queue | Scout Cavalry |
| 12:46 | Queue | Villager (Male) |
| 13:08 | Queue | Villager (Male) |
| 13:13 | Build | House |
| 13:13 | Build | House |
| 13:18 | Queue | Archer |
| 13:37 | Queue | Scout Cavalry |
| 13:37 | Queue | Villager (Male) |
| 13:56 | Queue | Archer |
| 14:20 | Queue | Villager (Male) |
| 14:24 | Queue | Archer |
| 14:32 | Research | Horse Collar |
| 14:35 | Queue | Villager (Male) |
| 14:36 | Queue | Scout Cavalry |
| 14:52 | Queue | Archer |
| 14:54 | Build | Blacksmith |
| 15:03 | Queue | Villager (Male) |
| 15:08 | Build | House |
| 15:12 | Queue | Archer |
| 15:17 | Queue | Villager (Male) |
| 15:23 | Build | Farm |
| 15:27 | Build | Farm |
| 15:28 | Build | Farm |
| 15:40 | Research | Fletching |
| 15:55 | Queue | Villager (Male) |
| 16:03 | Queue | Archer |
| 16:28 | Queue | Villager (Male) |
| 16:30 | Queue | Archer |
| 16:32 | Build | Farm |
| 16:34 | Build | Farm |
| 16:37 | Build | Farm |
| 16:39 | Build | Farm |
| 16:41 | Build | Farm |
| 16:42 | Build | Farm |
| 16:44 | Build | Farm |
| 16:48 | Queue | Archer |
| 16:48 | Queue | Villager (Male) |
| 16:57 | Queue | Villager (Male) |
| 17:17 | Build | Farm |
| 17:19 | Build | Farm |
| 17:23 | Build | House |
| 17:42 | Queue | Villager (Male) |
| 17:44 | Build | Market |
| 17:57 | Build | Farm |
| 18:08 | Queue | Villager (Male) |
| 18:11 | Build | House |
| 18:26 | Build | Lumber Camp |
| 19:11 | Research | Castle Age |
| 19:11 | Research | Castle Age |
| 19:29 | Queue | Archer |
| 19:50 | Build | Archery Range |
| 20:01 | Research | Gold Mining |
| 20:51 | Build | Mill |
| 21:36 | Queue | Villager (Male) |
| 21:51 | Age | Castle Age |
| 21:53 | Queue | Cavalry Archer |
| 21:53 | Queue | Cavalry Archer |
| 21:54 | Build | Monastery |
| 21:55 | Research | Bodkin Arrow |
| 21:57 | Build | Siege Workshop |
| 22:05 | Queue | Villager (Male) |
| 22:07 | Research | Bow Saw |
| 22:12 | Queue | Cavalry Archer |
| 22:12 | Queue | Cavalry Archer |
| 22:14 | Build | Farm |
| 22:18 | Build | House |
| 22:19 | Build | House |
| 22:20 | Build | House |
| 22:28 | Research | Husbandry |
| 22:28 | Research | Husbandry |
| 22:40 | Queue | Villager (Male) |
| 22:42 | Queue | Monk |
| 22:44 | Queue | Mangonel |
| 22:51 | Build | House |
| 22:55 | Build | Farm |
| 23:04 | Queue | Knight |
| 23:08 | Queue | Villager (Male) |
| 23:20 | Queue | Cavalry Archer |
| 23:20 | Queue | Cavalry Archer |
| 23:28 | Queue | Villager (Male) |
| 23:30 | Research | Light Cavalry (upgrade) |
| 23:30 | Research | Light Cavalry (upgrade) |
| 23:38 | Queue | Monk |
| 23:59 | Queue | Monk |
| 24:04 | Queue | Villager (Male) |
| 24:05 | Research | Bloodlines |
| 24:08 | Build | Farm |
| 24:09 | Build | Farm |
| 24:17 | Queue | Cavalry Archer |
| 24:18 | Queue | Cavalry Archer |
| 24:27 | Queue | Villager (Male) |
| 24:36 | Research | Scale Barding Armor |
| 24:38 | Queue | Villager (Male) |
| 24:45 | Queue | Monk |
Match timeline
| 4:33 | Tacacá · first_building Barracks |
| 5:54 | Tacacá · wall_segment Palisade Wall x1 |
| 5:55 | Tacacá · wall_segment Palisade Wall x1 |
| 6:52 | Dark_aoe · first_building Barracks |
| 8:01 | Dark_aoe · age_up feudal |
| 8:07 | Dark_aoe · first_building Stable |
| 8:56 | Tacacá · wall_segment Palisade Wall x1 |
| 9:25 | Tacacá · wall_segment Palisade Wall x1 |
| 9:25 | Tacacá · wall_segment Palisade Wall x1 |
| 9:29 | Tacacá · wall_segment Palisade Wall x1 |
| 9:31 | Tacacá · wall_segment Palisade Wall x1 |
| 9:32 | Tacacá · wall_segment Palisade Wall x1 |
| 10:00 | Tacacá · wall_segment Palisade Wall x2 |
| 10:03 | Tacacá · wall_segment Palisade Wall x1 |
| 10:04 | Tacacá · wall_segment Palisade Wall x1 |
| 10:05 | Tacacá · wall_segment Palisade Wall x1 |
| 10:07 | Tacacá · wall_segment Palisade Wall x1 |
| 10:32 | Tacacá · age_up feudal |
| 11:25 | Dark_aoe · first_building Archery Range |
| 12:13 | Tacacá · wall_segment Palisade Wall x9 |
| 12:15 | Tacacá · wall_segment Palisade Wall x2 |
| 12:40 | Tacacá · wall_segment Palisade Wall x9 |
| 13:04 | Tacacá · wall_segment Palisade Wall x1 |
| 13:40 | Tacacá · wall_segment Palisade Wall x1 |
| 13:42 | Tacacá · wall_segment Palisade Wall x1 |
| 13:57 | Tacacá · first_building Archery Range |
| 15:29 | Tacacá · wall_segment Palisade Wall x1 |
| 15:37 | Tacacá · wall_segment Palisade Wall x9 |
| 18:38 | Dark_aoe · first_market_sell 100 stone |
| 18:38 | Dark_aoe · first_market_buy 100 food |
| 19:14 | Tacacá · first_market_buy 100 food |
| 20:48 | Tacacá · first_building Stable |
| 21:51 | Dark_aoe · age_up castle |
| 21:54 | Dark_aoe · first_building Monastery |
| 21:57 | Dark_aoe · first_building Siege Workshop |
| 22:13 | Tacacá · age_up castle |
| 23:48 | Tacacá · first_building Siege Workshop |
| 24:31 | Tacacá · first_market_sell 100 food |
| 32:24 | Tacacá · resign |
[ AI ANALYSIS · 1 CREDIT ]
What really happened in this match?
Wolo.gg analyzes every decision: build order, eco, micro, common mistakes by bracket. Personalized analysis on WhatsApp or Discord in 30 seconds.
Civ guide
Bulgarians
Perfil
Jugador #18917671